 Dungeon Crawl Stone Soup version 0.19.0-11-g3fc08b3 (webtiles) character file.

261 Krapule the Insei (level 6, -3/42 HPs)
             Began as an Octopode Transmuter on Nov 8, 2016.
             Slain by an ice beast (11 damage)
             ... on level 4 of the Dungeon.
             The game lasted 00:12:03 (3565 turns).

Krapule the Insei (Octopode Transmuter)             Turns: 3565, Time: 00:12:05

Health: -3/42      AC:  1    Str:  9    XL:     6   Next: 18%
Magic:  3/9        EV: 15    Int: 16    God:
Gold:   188        SH:  0    Dex: 14    Spells: 2 memorised, 6 levels left

rFire  . . .     SeeInvis .       - Unarmed
rCold  . . .     Gourm    .     (no shield)
rNeg   . . .     Faith    .     (helmet restricted)
rPois  .         Spirit   .     (no amulet)
rElec  .         Reflect  .     (no ring)
rCorr  .         Harm     .     (no ring)
MR     .....                    (no ring)
Stlth  ++........               (no ring)
                                (no ring)
                                (no ring)
                                (no ring)
                                (no ring)

@: appendage, very slightly contaminated
A: almost no armour, stealthy swim, amphibious, 8 rings, constrict 8, tentacle
spike 3, camouflage 1, gelatinous body 1
a: End Transformation


You were on level 4 of the Dungeon.
You were very hungry.
One of your tentacles had a temporary spike.
You visited 1 branch of the dungeon, and saw 4 of its levels.

You collected 188 gold pieces.

Inventory:

Missiles
 a - 90 arrows
Jewellery
 w - an uncursed amulet of faith
Wands
 t - a wand of lightning (9/15)
Scrolls
 d - a scroll of teleportation {unknown}
 e - a scroll of enchant weapon
 i - 2 scrolls of noise {unknown}
 j - 6 scrolls of remove curse {unknown}
 k - a scroll of magic mapping {unknown}
 o - a scroll of blinking {unknown}
 p - a scroll of recharging {unknown}
 q - a scroll of fog {unknown}
 s - 2 scrolls of enchant armour {unknown}
 v - 2 scrolls of amnesia {unknown}
Potions
 f - a potion of heal wounds
 g - a potion of might
 h - a potion of lignification
 l - a potion of curing
 m - 2 potions of magic
 n - 2 potions of flight
 r - a potion of mutation {unknown}
Books
 b - a book of Changes

   Spells                             Type                      Level
   a - Beastly Appendage              Transmutation                1
   b - Sticks to Snakes               Transmutation                2
   c - Spider Form                    Transmutation/Poison         3
   d - Ice Form                       Ice/Transmutation            4
   e - Blade Hands                    Transmutation                5
Comestibles
 c - 4 bread rations
 u - a meat ration
 x - a beef jerky


   Skills:
 + Level 3.1 Fighting
 + Level 3.6 Dodging
 + Level 4.1 Unarmed Combat
 - Level 2.0 Spellcasting
 + Level 3.3 Transmutations


You had 6 spell levels left.
You knew the following spells:

 Your Spells              Type           Power        Failure   Level  Hunger
a - Beastly Appendage     Tmut           ##....       8%          1    #......
z - Sticks to Snakes      Tmut           ##......     10%         2    ###....


Dungeon Overview and Level Annotations

Branches:
Dungeon (4/15)
 Temple: D:4-7

Altars:
Dithmenos
Elyvilon
Gozag


Innate Abilities, Weirdness & Mutations

You cannot wear most types of armour.
You are very stealthy in the water. (Stealth+)
You are amphibious.
You can wear up to eight rings at the same time.
You can use your tentacles to constrict eight enemies at once.
Your skin changes colour to match your surroundings (Stealth+).
Your rubbery body absorbs attacks. (AC +1, EV +1)
One of your tentacles bears a large vicious spike.


Message History

Your tentacle spike misses the ice beast.
You squeeze the ice beast.
The ice beast is moderately wounded.
The ice beast hits you. The ice beast freezes you!
You tentacle-slap the ice beast.
The ice beast is moderately wounded.
Your ball python bites the ice beast but does no damage.
The ice beast hits you. The ice beast freezes you!
* * * LOW HITPOINT WARNING * * *
You tentacle-slap the ice beast.
The ice beast is heavily wounded.
Your ball python bites the ice beast.
The ice beast misses you.
You barely miss the ice beast.
Your tentacle spike misses the ice beast.
The ice beast is heavily wounded.
Your ball python bites the ice beast but does no damage.
The ice beast hits you.
* * * LOW HITPOINT WARNING * * *
The ice beast freezes you!
You die...

#.# .#
#.###.##########
#...............
#....##### #!#.#
###..# #.#)# #..#
#.#.# #. #..# #.#.##
#. #..# #..SY####..
.. #..# #..@.......
.
#..#######?...#####.
#.................
..#.
##########.#######
..... ..# .#.. #.##
..... #. ..#.. #.
..... #. .....


You could see an ice beast and a friendly ball python.

Vanquished Creatures
  An orc priest (D:3)
  An iguana (D:4)
  A worker ant (D:4)
  Robin (D:4)
  2 gnolls (D:2)
  4 adders
  An ooze (D:3)
  2 worms (D:2)
  4 dart slugs
  2 leopard geckos
  5 orcs (D:3)
  A ball python (D:1)
  8 bats
  2 giant cockroaches
  12 goblins
  9 hobgoblins
  8 jackals
  A quokka (D:2)
  2 frilled lizards
  13 kobolds
  9 rats
89 creatures vanquished.

Vanquished Creatures (collateral kills)
  A gnoll (D:2)
  A leopard gecko (D:3)
2 creatures vanquished.

Vanquished Creatures (others)
  5 toadstools (D:1)
5 creatures vanquished.

Grand Total: 96 creatures vanquished

Notes
Turn   | Place    | Note
-------+----------+-------------------------------------------
     0 | D:1      | Krapule the Octopode Transmuter began the quest for the Orb.
     0 | D:1      | Reached XP level 1. HP: 13/13 MP: 3/3
    23 | D:1      | Reached XP level 2. HP: 2/18 MP: 5/5
   384 | D:1      | Learned a level 2 spell: Sticks to Snakes
   762 | D:1      | Reached XP level 3. HP: 15/23 MP: 6/6
  1169 | D:2      | Reached XP level 4. HP: 12/29 MP: 3/7
  1674 | D:2      | Found a faded altar of an unknown god.
  1674 | D:2      | Found a faded altar of an unknown god.
  1681 | D:2      | Found a white marble altar of Elyvilon.
  1683 | D:2      | Found a faded altar of an unknown god.
  1685 | D:2      | Found a faded altar of an unknown god.
  2154 | D:3      | Found a shadowy altar of Dithmenos.
  2277 | D:3      | Found a shadowy altar of Dithmenos.
  2505 | D:3      | Reached XP level 5. HP: 29/35 MP: 8/8
  3117 | D:4      | Reached skill level 4 in Unarmed Combat
  3117 | D:4      | Reached XP level 6. HP: 30/42 MP: 9/9
  3279 | D:4      | Noticed Robin
  3308 | D:4      | Killed Robin
  3420 | D:4      | Found an opulent altar of Gozag.
  3549 | D:4      | Noticed an ice beast
  3565 | D:4      | Slain by an ice beast

Skill      XL: |  1  2  3  4  5 |
---------------+----------------+-----
Fighting       | 2 3 |  3.1
Dodging        | 3 |  3.6
Transmutations | 3 |  3.3
Unarmed Combat | 4 |  4.1
Spellcasting   | |  2.0

Action                   |  1- 3 |  4- 6 || total
-------------------------+-------+-------++-------
Melee: Unarmed           |    61 |   150 ||   211
       Constrict         |    16 |    43 ||    59
       Tentacles         |    10 |    36 ||    46
       Punch             |     1 |     3 ||     4
       Kick              |       |     2 ||     2
 Cast: Sticks to Snakes  |     2 |     5 ||     7
       Beastly Appendage |       |     2 ||     2
  Use: Scroll            |       |     7 ||     7
 Stab: Sleeping          |     6 |    12 ||    18
  Eat: Chunk             |       |     8 ||     8
Armor: Skin              |     6 |     4 ||    10
Dodge: Dodged            |    35 |    85 ||   120
